 Dungeon Crawl Stone Soup version 0.31-a0-369-g8eba5f6939 (webtiles) character file.

Game seed: 11195510625026289866

5819 HallandMoats the Lightning Rod (level 10, -1/86 HPs)
             Began as a Demonspawn Fighter on July 28, 2023.
             Was a Follower of Qazlal.
             Slain by an orc warrior
             ... wielding a +0 war axe
              (4 damage)
             ... in a bailey.
             The game lasted 00:16:15 (5734 turns).

HallandMoats the Lightning Rod (Demonspawn Fighter) Turns: 5734, Time: 00:16:16

Health: -1/86      AC:  5    Str: 23    XL:     10   Next: 51%
Magic:  19/19      EV: 11    Int: 11    God:    Qazlal [*.....]
Gold:   316        SH:  6    Dex: 11    Spells: 9/9 levels left

rFire   + . .        a - +1 war axe (protect)
rCold   . . .        c - +0 buckler
rNeg    . . .        i - +0 steam dragon scales
rPois   +            (helmet unavailable)
rElec   .            (no cloak)
rCorr   .            (no gloves)
SInv    +            (no boots)
Will    +....        l - amulet of regeneration
Stlth   +            p - ring of willpower
HPRegen 1.14/turn    d - ring of protection from fire
MPRegen 0.16/turn

%: no passive effects
@: no status effects
A: antennae 3, demonic guardian 1, ignite blood 1, sturdy frame 2, poison
resistance, strong 1
a: Renounce Religion


You were in a bailey.
You worshipped Qazlal.
Qazlal was aware of your devotion.
You visited 2 branches of the dungeon, and saw 8 of its levels.
You also visited: Bailey.

You collected 316 gold pieces.

Inventory:

Hand Weapons
 a - a +1 war axe of protection (weapon)
Armour
 c - a +0 buckler (worn)
 i - +0 steam dragon scales (worn)
Jewellery
 d - a ring of protection from fire (right hand)
 l - an amulet of regeneration (around neck)
 m - a ring of ice
 p - a ring of willpower (left hand)
Wands
 q - a wand of roots (1)
 u - a wand of digging (1)
Scrolls
 b - a scroll of vulnerability {unknown}
 e - a scroll of enchant armour
 j - 2 scrolls of amnesia
 n - a scroll of teleportation
Potions
 g - 2 potions of magic
 s - 2 potions of brilliance


   Skills:
 * Level 10.5 Fighting
 + Level 6.7 Axes
 - Level 2.6 Armour
 - Level 2.6 Shields
 * Level 12.9 Invocations


You had 9 spell levels left.
You didn't know any spells.
Your spell library contained the following spells:

 Spells                   Type           Power      Damage    Failure   Level
 Blink                    Tloc           0%         N/A       54%         2
 Dazzling Flash           Conj/Hex       0%         N/A       78%         3
 Volatile Blastmotes      Fire/Tloc      0%         2d10      78%         3
 Manifold Assault         Tloc           0%         N/A       99%         4
 Starburst                Conj/Fire      0%         6d3       100%        6
 Maxwell's Capacitive Co  Air            0%         ∞         100%        8


Dungeon Overview and Level Annotations

Branches:
Dungeon (7/15)             Temple (1/1) D:6          Bailey (1/1)

Altars:
Ashenzari
Dithmenos
Fedhas
Gozag
Kikubaaqudgha
Okawaru
Qazlal
Ru
Sif Muna
Uskayaw
Vehumet
Xom
Yredelemnul

Portals:
Ossuary: D:7

Annotations:
D:3 1 transporter, pigah's ghost, amateur OpSh


Innate Abilities, Weirdness & Mutations

You have a pair of large antennae on your head. (SInv)
A weak demonic guardian rushes to your aid.
Your demonic aura sometimes causes spilled blood to erupt in flames.
Your movements are less encumbered by armour. (ER -4)
Your system is resistant to poisons. (rPois)
Your muscles are strong. (Str +4, Int/Dex -1)


Message History

The orc high priest hits your quasit with a +0 war axe.
Your quasit dies!
Your quasit disappears in a puff of smoke!
The orc high priest hits you but does no damage.
The orc high priest shouts!
You slash the orc high priest!
The orc high priest is almost dead.
You hit the ice devil. The ice devil hits you!
* * * LOW HITPOINT WARNING * * *
The ice devil freezes you!
* * * LOW HITPOINT WARNING * * *
A demonic guardian appears!
The orc high priest is engulfed in blazing flames.
You kill the orc high priest!
Qazlal accepts your kill.
The chaos spawn degenerates into a cloud of primal chaos!
The ice devil disappears in a puff of smoke!
The chaos spawn degenerates into a cloud of primal chaos!
The electric eel shoots out a bolt of lightning at you!
The bolt of electricity hits you.
* * * LOW HITPOINT WARNING * * *
A gnoll comes into view. It is wielding a +0 hand axe.
Found a gate leading back out of this place.
The orc warrior is engulfed in seething chaos.
You block the orc warrior's attack.
Things that are here:
a +0 war axe; a +0 scale mail Unknown command.
The orc warrior is engulfed in seething chaos.
You block the orc warrior's attack.
Unknown command.
Things that are here:
a +0 war axe; a +0 ring mail You swap places.
The orc warrior hits you with a +0 war axe!
* * * LOW HITPOINT WARNING * * *
The orc warrior closely misses your iron imp.
The orc warrior attacks as you move away!
The orc warrior hits you with a +0 war axe.
You die...

⌠..# { .∩~≈≈≈≈≈ ...#
{ #.~≈≈≈≈≈ ...#
##.~≈≈≈≈≈ #####
#.~≈≈≈≈≈ ....# #.~≈≈≈
....# #.~≈
#...##############g#
#.8.8.8.)))...#..o.#{
#.......#)....')@5.#
###############).#+#
+..# ####


You could see an orc warrior, a gnoll and a friendly iron imp (summoned).

Vanquished Creatures
  An orc high priest (Bailey)
  Pikel (D:7)
  Joseph (D:7)
  Grinder (D:5)
  Prince Ribbit (D:5)
  Sigmund (D:2)
  Eustachio (D:5)
  A steam dragon (D:7)
  Menkaure (D:6)
  5 water moccasins
  Duvessa (D:5)
  A black bear (D:4)
  8 orc warriors (Bailey)
  2 ice beasts
  A sky beast (D:5)
  2 ogres
  2 lemures (D:7)
  3 centaurs
  2 phantoms
  5 bullfrogs
  2 scorpions
  Dowan (D:5)
  2 jellies
  2 orc priests (D:5)
  2 hounds (D:5)
  A gnoll bouda (D:7)
  3 sleepcaps
  5 iguanas
  2 orc wizards
  12 gnolls
  6 adders
  A shadow imp (D:6)
  An ufetubus (D:5)
  A worm (D:4)
  A dart slug (D:1)
  21 orcs
  11 ball pythons
  2 bats
  3 endoplasms
  2 giant cockroaches
  13 goblins
  7 hobgoblins
  5 jackals
  5 quokkas
  6 frilled lizards
  5 kobolds
  4 rats
167 creatures vanquished.

Vanquished Creatures (collateral kills)
  3 gnolls (D:7)
3 creatures vanquished.

Grand Total: 170 creatures vanquished

Notes
Turn   | Place    | Note
-------+----------+-------------------------------------------
     0 | D:1      | HallandMoats the Demonspawn Fighter began the quest for the
                  | Orb.
     0 | D:1      | Reached XP level 1. HP: 18/18 MP: 1/1
   201 | D:1      | Reached skill level 1 in Invocations
   213 | D:1      | Gained mutation: Your movements are slightly less
                  | encumbered by armour. (ER -2) [demonic ancestry]
   213 | D:1      | Reached XP level 2. HP: 24/24 MP: 2/2
   675 | D:2      | Reached skill level 2 in Invocations
   716 | D:2      | Noticed Sigmund
   730 | D:2      | Killed Sigmund
   731 | D:2      | Reached skill level 4 in Invocations
   731 | D:2      | Gained mutation: You have a pair of small antennae on your
                  | head. [demonic ancestry]
   731 | D:2      | Reached XP level 3. HP: 25/31 MP: 3/6
   731 | D:2      | Reached XP level 4. HP: 31/38 MP: 3/7
   731 | D:2      | Gained mutation: Your movements are less encumbered by
                  | armour. (ER -4) [demonic ancestry]
   731 | D:2      | Reached XP level 5. HP: 35/43 MP: 3/8
  1307 | D:3      | Found a transporter.
  1307 | D:3      | Noticed pigah's ghost (amateur OpSh)
  1584 | D:3      | Noticed an ogre
  1647 | D:3      | Noticed a water moccasin
  1665 | D:3      | Killed a water moccasin
  1666 | D:3      | Reached skill level 5 in Fighting
  1666 | D:3      | Reached skill level 5 in Invocations
  1666 | D:3      | Gained mutation: Your demonic aura sometimes causes spilled
                  | blood to erupt in flames. [demonic ancestry]
  1666 | D:3      | Reached XP level 6. HP: 41/51 MP: 9/9
  2013 | D:4      | Reached skill level 6 in Invocations
  2013 | D:4      | Reached XP level 7. HP: 41/57 MP: 11/11
  2186 | D:4      | Found a blossoming altar of Fedhas.
  2303 | D:5      | Entered Level 5 of the Dungeon
  2303 | D:5      | Noticed Grinder
  2314 | D:5      | Paralysed by Grinder for 5 turns
  2366 | D:5      | Paralysed by Grinder for 2 turns
  2370 | D:5      | Killed Grinder
  2371 | D:5      | Reached skill level 7 in Invocations
  2523 | D:5      | Gained mutation: You have a pair of antennae on your head.
                  | [demonic ancestry]
  2523 | D:5      | Reached XP level 8. HP: 24/65 MP: 13/13
  2817 | D:5      | Noticed Prince Ribbit
  2885 | D:5      | Killed Prince Ribbit
  2886 | D:5      | Reached skill level 8 in Invocations
  2945 | D:5      | Noticed Eustachio
  3179 | D:5      | Reached skill level 9 in Invocations
  3269 | D:5      | Killed Eustachio
  3270 | D:5      | Reached skill level 5 in Axes
  3333 | D:5      | Gained mutation: You have a pair of large antennae on your
                  | head. (SInv) [demonic ancestry]
  3333 | D:5      | Reached XP level 9. HP: 36/74 MP: 16/16
  3575 | D:5      | Noticed Duvessa
  3578 | D:5      | Noticed Dowan
  3607 | D:4      | Gained mutation: Your muscles are strong. (Str +4, Int/Dex
                  | -1) [potion of mutation]
  3607 | D:4      | Gained mutation: Your system is resistant to poisons.
                  | (rPois) [potion of mutation]
  3812 | D:4      | Reached skill level 10 in Invocations
  4048 | D:5      | Killed Duvessa
  4055 | D:5      | Killed Dowan
  4107 | D:5      | Found a basalt altar of Yredelemnul.
  4153 | D:6      | Noticed Menkaure
  4160 | D:6      | Killed Menkaure
  4315 | D:6      | Found a staircase to the Ecumenical Temple.
  4341 | Temple   | Entered the Ecumenical Temple
  4373 | Temple   | Became a worshipper of Qazlal Stormbringer
  4706 | D:6      | Reached skill level 11 in Invocations
  4933 | D:7      | Noticed Joseph
  4935 | D:7      | Noticed Pikel
  4946 | D:7      | Killed Joseph
  4951 | D:7      | Killed Pikel
  4952 | D:7      | Reached skill level 12 in Invocations
  4952 | D:7      | Gained mutation: A weak demonic guardian rushes to your
                  | aid. [demonic ancestry]
  4952 | D:7      | Reached XP level 10. HP: 85/85 MP: 17/19
  5136 | D:7      | Found a sand-covered staircase.
  5147 | D:7      | Reached skill level 10 in Fighting
  5247 | D:7      | Found a flagged portal.
  5256 | Bailey   | Entered a bailey
  5275 | Bailey   | Reached * piety under Qazlal
  5540 | Bailey   | Noticed an orc knight
  5711 | Bailey   | Noticed an orc high priest
  5729 | Bailey   | Killed an orc high priest
  5733 | Bailey   | HP: 3/86 [orc warrior/+0 war axe (12)]
  5734 | Bailey   | Slain by an orc warrior

Illustrated notes

Levels and vault maps discovered:
D:1:      lightli_arrival_lavapool, layout_loops_cross
D:2:      layout_rooms, hangedman_decor_growths, uniq_sigmund
D:3:      layout_loops_ring, gammafunk_ghost_smash, dreamdust_mushroom_princess
D:4:      layout_rooms, mainiacjoe_overflow_chevrons, kennysheep_flooded_box
D:5:      layout_cave_pools, kennysheep_little_box, uniq_eustachio,
          uniq_prince_ribbit1, uniq_grinder, uniq_duvessa
D:6:      minmay_inner_zag, layout_layer_cave, trog_hazing_becter,
          minmay_temple_entry_water_ring, kennysheep_nondescript, uniq_menkaure
D:7:      layout_layer_cave, enter_bailey_2, enter_ossuary_3, uniq_pikel,
          uniq_joseph
Temple:   nicolae_temple_god_jail
Bailey:   bailey_axe_of_yendor_kennysheep, bailey

Skill      XL: |  1  2  3  4  5  6  7  8  9 10 |
---------------+-------------------------------+-----
Invocations    | 1 4 5 6 7 9 12 | 12.9
Axes           | 2 3 4 5 6 |  6.7
Fighting       | 4 5 6 8 9 10 | 10.5
Armour         | |  2.6
Shields        | |  2.6

Action                     |  1- 3 |  4- 6 |  7- 9 | 10-12 || total
---------------------------+-------+-------+-------+-------++-------
  Melee: War axe           |    60 |   153 |   307 |   119 ||   639
  Evoke: Wand              |       |       |     2 |     8 ||    10
    Use: Potion            |     1 |     2 |     3 |     2 ||     8
         Scroll            |       |     4 |    14 |     3 ||    21
 Armour: Scale mail        |    21 |    50 |   180 |       ||   251
         Skin              |       |    17 |       |       ||    17
         Steam dragon scal |       |       |       |    52 ||    52
  Dodge: Dodged            |    32 |    76 |   276 |    85 ||   469
  Block: Buckler           |    17 |    39 |   106 |    45 ||   207

Table legend: (Time is in decaauts)
 A = Elapsed time spent in this place.
 B = Non-inter-level travel time spent in this place.
 C = Inter-level travel time spent in this place.
 D = Time resting spent in this place.
 E = Time spent auto-exploring this place.
 F = Levels seen in this place.
 G = Mean time per level.
                   A        B        C        D        E       F      G
               +--------+--------+--------+--------+--------+-----+--------+
         Total |   5969 |   5874 |     95 |   1258 |   2516 |   9 |  663.2 |
       Dungeon |   5432 |   5337 |     95 |    967 |   2510 |   7 |  776.0 |
        Temple |     44 |     44 |      0 |      0 |      0 |   1 |   44.0 |
        Bailey |    492 |    492 |      0 |    291 |      6 |   1 |  492.0 |
               +--------+--------+--------+--------+--------+-----+--------+

Top non-repeatable levels by time:
     D:5: 1182 daAuts
     D:4: 1148 daAuts
     D:6: 742 daAuts
     D:3: 739 daAuts
     D:1: 628 daAuts
     D:2: 514 daAuts
  Bailey: 492 daAuts
     D:7: 476 daAuts
  Temple: 44 daAuts
